 Dungeon Crawl Stone Soup version 0.24-a0-715-g0b739ee41d (webtiles) character file.

Game seed: 5769273763741410594, levelgen mode: deterministic

5252 DEFE the Spear-Bearer (level 10, -1/70 HPs)
             Began as a Mummy Fighter on Sept 30, 2019.
             Was a Follower of Okawaru.
             Slain by an eight-headed hydra (11 damage)
             ... on level 9 of the Dungeon.
             The game lasted 00:14:56 (11108 turns).

DEFE the Spear-Bearer (Mummy Fighter)              Turns: 11108, Time: 00:14:57

Health: -1/70      AC: 22    Str: 22    XL:     10   Next: 36%
Magic:  8/10       EV:  9    Int:  8    God:    Okawaru [*.....]
Gold:   485        SH: 11    Dex: 12    Spells: 9/9 levels left

rFire    x . .     SeeInvis .   n - +1 trident (protect)
rCold    + . .     Gourm    .   c - +0 shield
rNeg     + + +     Faith    .   o - +0 chain mail (curse)
rPois    ∞         Spirit   .   x - +0 helmet
rElec    .         Reflect  .   (no cloak)
rCorr    .         Harm     .   q - +2 pair of gloves
MR       +....                  (no boots)
Stlth    ..........             (no amulet)
HPRegen  0.21/turn              (no ring)
MPRegen  0.12/turn              (no ring)

@: heroism, protection aura
A: no food or potions, fire vulnerability, cold resistance 1, negative energy
resistance 3, torment resistance, unbreathing
a: Heroism, Renounce Religion


You were on level 9 of the Dungeon.
You worshipped Okawaru.
Okawaru was aware of your devotion.
You were not hungry.

You visited 2 branches of the dungeon, and saw 10 of its levels.
You also visited: Sewer.

You collected 665 gold pieces.
You spent 180 gold pieces at shops.

Inventory:

Hand Weapons
 a - a +0 trident
 g - a +4 flail
 h - the +3 flail of the Genius {pain, +Blink rF- rC+++ Str+3}
   (You found it on level 5 of the Dungeon)

   In the hands of one skilled in necromantic magic, it inflicts extra damage on
   living creatures.
   It affects your strength (+3).
   It makes you vulnerable to fire.
   It renders you almost immune to cold.
   It lets you blink.
 n - a +1 trident of protection (weapon)
 s - a +3 short sword
Armour
 c - a +0 shield (worn)
 d - a +0 chain mail
 m - a +2 leather armour of fire resistance
 o - a cursed +0 chain mail (worn)
 q - a +2 pair of gloves (worn)
 t - a +0 troll leather armour {Purgy}
 x - a +0 helmet (worn)
Wands
 f - a wand of enslavement (9)
 r - a wand of flame (28)
 y - a wand of digging (6)
 z - a wand of random effects (11)
 B - a wand of paralysis (11)
Scrolls
 b - 2 scrolls of enchant weapon
 e - 2 scrolls of fog
 i - 4 scrolls of remove curse
 j - 4 scrolls of enchant armour
 k - 2 scrolls of immolation
 l - 2 scrolls of amnesia
 p - 4 scrolls of fear
 u - a scroll of random uselessness
 v - 2 scrolls of identify
 w - a scroll of magic mapping
 A - a scroll of teleportation {unknown}


   Skills:
 - Level 3.1(8.1) Fighting
 + Level 12.6(17.6) Polearms
 - Level 2.5(7.5) Armour
 - Level 2.5(7.5) Shields


You had 9 spell levels left.
You didn't know any spells.
Your spell library contained the following spells:

 Spells                   Type           Power        Failure   Level  Hunger
 Flame Tongue             Conj/Fire      #....        100%        1    N/A
 Sting                    Conj/Pois      #...         100%        1    N/A
 Poisonous Vapours        Pois/Air       #.....       100%        2    N/A
 Throw Flame              Conj/Fire      #.....       100%        2    N/A
 Conjure Flame            Conj/Fire      #.......     100%        3    N/A
 Inner Flame              Hex/Fire       #.......     100%        3    N/A
 Mephitic Cloud           Conj/Pois/Air  #.......     100%        3    N/A
 Olgreb's Toxic Radiance  Pois           #.......     100%        4    N/A
 Sticky Flame             Conj/Fire      #.......     100%        4    N/A
 Fireball                 Conj/Fire      #.........   100%        5    N/A
 Venom Bolt               Conj/Pois      #.........   100%        5    N/A

Dungeon Overview and Level Annotations

Branches:
Dungeon (9/15)             Temple (1/1) D:7            Lair (0/6) D:8
  Sewer (visited)
    Orc: D:9-12

Altars:
Ashenzari
Cheibriados
Dithmenos
Elyvilon
Fedhas
Gozag
Hepliaklqana
Kikubaaqudgha
Makhleb
Nemelex Xobeh
Okawaru
Qazlal
Ru
Sif Muna
Trog
Uskayaw
Vehumet
Wu Jian
Xom
Yredelemnul
Zin
The Shining One

Shops:
D:4 *   D:5 ?

Annotations:
D:7 1 runed translucent door, Crazy Yiuf


Innate Abilities, Weirdness & Mutations

You do not eat or drink.
Your flesh is vulnerable to fire.
You are immune to poison.
Your flesh is cold resistant. (rC+)
You are immune to negative energy. (rN+++)
You are immune to unholy pain and torment.
You can survive without breathing.


Message History

You block the eight-headed hydra's attack.
The eight-headed hydra closely misses you. x2
The eight-headed hydra bites you but does no damage. x2
You puncture the eight-headed hydra! The eight-headed hydra bites you! x2
* * * LOW HITPOINT WARNING * * *
The eight-headed hydra bites you.
* * * LOW HITPOINT WARNING * * *
You block the eight-headed hydra's attack.
The eight-headed hydra bites you but does no damage.
You block the eight-headed hydra's attack.
The eight-headed hydra bites you but does no damage. x2
Your chain mail prevents you from hitting the eight-headed hydra.
You take 18 damage, and have 11/70 hp.
MASSIVE DAMAGE!!
You puncture the eight-headed hydra! The eight-headed hydra bites you.
* * * LOW HITPOINT WARNING * * *
The eight-headed hydra barely misses you.
The eight-headed hydra closely misses you.
The eight-headed hydra bites you!
You die...

#.###......## ...##...[...#
#.# ....#.......## #.#
..........(... ..#
....#........# #.#
...##.......[# #.#
#.###......#.# #.# #
..........##.######.# ...
................@DYH###...#
.........###.#####Zl'..# #
.........# #.# ##.###.# ##
.........# #.# #.# #.
.........# #.# #.# ##
####.##### #.# #.# # #.#
#.# #.# ##+# ## ####.##
####.### #.# ##...# ##.
#.....###......# #.#
#.....###..


You could see an eight-headed hydra, a hippogriff, a yak, a worker ant zombie
and a leopard gecko.

Vanquished Creatures
  A troll (D:9)
  2 hippogriffs (D:7)
  A wraith (D:7)
  Eustachio (D:6)
  A hungry ghost (D:9)
  An acid dragon (D:9)
  Purgy (Sewer)
  A sky beast (D:9)
  2 orc warriors
  8 ogres
  3 ice beasts
  A phantom (D:5)
  An eye of draining (D:8)
  2 centaurs (D:5)
  A crocodile (D:7)
  6 bullfrogs
  3 scorpions
  A wight (D:7)
  4 crimson imps
  A bullfrog zombie (D:9)
  A centaur zombie (D:8)
  A quasit (D:8)
  5 hounds
  4 human zombies (D:7)
  A jelly (D:9)
  A gnoll shaman (D:5)
  3 orc priests
  A bullfrog skeleton (D:5)
  11 orc wizards
  A centaur skeleton (D:9)
  7 iguanas
  3 human skeletons (D:7)
  6 worker ants
  A hound skeleton (D:9)
  A mummy (D:7)
  A howler monkey zombie (D:7)
  A worker ant zombie (D:4)
  10 gnolls
  12 adders
  4 shadow imps
  An ooze (D:1)
  An adder skeleton (D:8)
  2 adder zombies
  6 worms
  4 dart slugs
  3 leopard geckos
  33 orcs
  2 ball pythons
  6 giant cockroaches
  9 hobgoblins
  3 jackals (D:8)
  5 quokkas
  4 bats
  12 frilled lizards
  6 goblins
  10 kobolds
  2 orc zombies (D:7)
  2 quokka skeletons
  9 rats
237 creatures vanquished.

Vanquished Creatures (others)
  An orc wizard (D:4)
1 creature vanquished.

Grand Total: 238 creatures vanquished

Notes
Turn   | Place    | Note
-------+----------+-------------------------------------------
     0 | D:1      | DEFE the Mummy Fighter began the quest for the Orb.
     0 | D:1      | Reached XP level 1. HP: 18/18 MP: 1/1
   234 | D:1      | Reached XP level 2. HP: 24/24 MP: 2/2
   293 | D:1      | Reached skill level 2 in Polearms
   904 | D:2      | Reached XP level 3. HP: 17/29 MP: 3/3
  1184 | D:2      | Reached skill level 3 in Polearms
  1609 | D:3      | Reached XP level 4. HP: 35/35 MP: 4/4
  1949 | D:3      | Reached skill level 4 in Polearms
  1949 | D:3      | Reached XP level 5. HP: 32/41 MP: 5/5
  2732 | D:4      | Reached skill level 5 in Polearms
  3040 | D:4      | Reached XP level 6. HP: 37/47 MP: 6/6
  3144 | D:4      | Found a basalt altar of Yredelemnul.
  3357 | D:4      | Found Omiopiju's Assorted Antiques.
  3607 | D:4      | Found a white marble altar of Elyvilon.
  3689 | D:4      | Bought a bloodstained hat for 135 gold pieces
  3694 | D:4      | Identified the cursed -4 hat "Goemi" {rElec Int+5} (You
                  | bought it in a shop on level 4 of the Dungeon)
  3710 | D:4      | Bought a scroll labeled HEKEGO UCIWKA for 15 gold pieces
  3710 | D:4      | Bought a scroll of identify for 30 gold pieces
  3751 | D:5      | Entered Level 5 of the Dungeon
  3820 | D:5      | Found a radiant altar of Vehumet.
  3820 | D:5      | Noticed a troll
  3944 | D:5      | Found Guzyl's Magic Scroll Shop.
  3984 | D:5      | Got a scorched flail
  4014 | D:5      | Reached skill level 6 in Polearms
  4200 | D:5      | Reached XP level 7. HP: 32/52 MP: 7/7
  4473 | D:5      | Reached skill level 7 in Polearms
  5123 | D:5      | Reached skill level 8 in Polearms
  5123 | D:5      | Reached XP level 8. HP: 43/58 MP: 8/8
  6308 | D:6      | Identified the +3 flail of the Genius {pain, +Blink rF-
                  | rC+++ Str+3} (You found it on level 5 of the Dungeon)
  6358 | D:6      | Found a glowing drain.
  6381 | D:6      | Reached skill level 9 in Polearms
  6403 | Sewer    | Entered a sewer
  6585 | Sewer    | Noticed Purgy
  6597 | Sewer    | Killed Purgy
  6697 | D:6      | Noticed Eustachio
  6740 | D:6      | Killed Eustachio
  7200 | D:6      | Reached XP level 9. HP: 63/63 MP: 9/9
  7304 | D:6      | Reached skill level 10 in Polearms
  7528 | D:6      | Found a glowing silver altar of Zin.
  7838 | D:7      | Found a glowing golden altar of the Shining One.
  7838 | D:7      | Found a shimmering altar of Xom.
  7842 | D:7      | Found a shattered altar of Ashenzari.
  7842 | D:7      | Found a hide-covered altar of Uskayaw.
  8075 | D:7      | Found an ancient bone altar of Kikubaaqudgha.
  8141 | D:7      | Reached skill level 11 in Polearms
  8586 | D:7      | Found a runed translucent door.
  8587 | D:7      | Noticed Crazy Yiuf
  8831 | D:7      | Found a staircase to the Ecumenical Temple.
  8840 | Temple   | Entered the Ecumenical Temple
  8908 | Temple   | DEFE: !rng oka goz
  8908 | Temple   | beem: The RNG chooses: oka.
  8908 | Temple   | Became a worshipper of Warmaster Okawaru
  9690 | D:8      | Reached XP level 10. HP: 70/70 MP: 8/10
  9871 | D:8      | Reached skill level 12 in Polearms
 10002 | D:8      | Found a staircase to the Lair.
 10470 | D:9      | Reached * piety under Okawaru
 11093 | D:9      | Noticed an eight-headed hydra
 11108 | D:9      | Slain by an eight-headed hydra

Levels and vault maps discovered:
D:1:      dpeg_arrival_brainrot, layout_basic
D:2:      layout_loops_ring, first_ration, kennysheep_generic_room_9
D:3:      layout_basic, kennysheep_nub
D:4:      layout_loops_ring, kennysheep_ying_yang, serial_shops, shop
D:5:      minmay_thinvault, layout_basic, vehumet_altar_wand_db, serial_shops,
          kennysheep_mini_moat, minmay_misc_feat_four_crosses
D:6:      layout_rooms, zin_statuary, cheibrodos_sewer_entry_sluice,
          uniq_eustachio
D:7:      layout_basic, lemuel_mausoleum_altar_kikubaaqudgha,
          grunt_temple_overflow_open, lemuel_temple_firewalk_b, grunt_ogre_cave,
          uniq_crazy_yiuf_cottage
D:8:      layout_loops_corners, dpeg_oklobed_lair, minmay_diced_spiral
D:9:      minmay_the_grid_3x2 [minmay_the_grid_eight, minmay_the_grid_zigzags,
          minmay_the_grid_dragon_a, minmay_the_grid_odd_star,
          minmay_the_grid_outer_diamond, minmay_the_grid_prize_trominoes],
          layout_rooms, minmay_misc_feat_enclosed
Temple:   dshaligram_water_room_temple

Skill      XL: |  1  2  3  4  5  6  7  8  9 10 |
---------------+-------------------------------+-----
Polearms       | 2 3 4 5 6 8 9 11 12 | 12.6
Fighting       | |  3.1
Armour         | |  2.5
Shields        | |  2.5

Action                   |  1- 3 |  4- 6 |  7- 9 | 10-12 || total
-------------------------+-------+-------+-------+-------++-------
Melee: Trident           |   152 |   252 |   736 |   220 ||  1360
Invok: Heroism           |       |       |       |     2 ||     2
Evoke: Wand              |       |       |     2 |       ||     2
  Use: Scroll            |       |     5 |     8 |     1 ||    14
Armor: Scale mail        |     7 |       |       |       ||     7
       Chain mail        |    64 |   110 |   333 |   122 ||   629
Dodge: Dodged            |    28 |    35 |   115 |    34 ||   212
Block: Shield            |    60 |    86 |   234 |    81 ||   461

Table legend:
 A = Non-vault XP
 B = Vault XP
 C = Vault XP percentage of total XP
 D = Non-vault monster count
 E = Vault monster count
 F = Vault count percentage of total count
                 A         B        C        D         E       F
            +---------+---------+-------+---------+---------+-------
      Total |    5304 |    2200 |  29.3 |     195 |      43 |  18.1
            +---------+---------+-------+---------+---------+-------
        D:1 |      27 |       5 |  15.6 |      15 |       1 |   6.2
        D:2 |      57 |       1 |   1.7 |      18 |       1 |   5.3
        D:3 |     162 |       0 |   0.0 |      32 |       0 |   0.0
        D:4 |     282 |       0 |   0.0 |      20 |       0 |   0.0
        D:5 |     933 |     486 |  34.2 |      25 |       9 |  26.5
        D:6 |     783 |     206 |  20.8 |      26 |       5 |  16.1
        D:7 |    1439 |     698 |  32.7 |      19 |      13 |  40.6
        D:8 |     699 |      75 |   9.7 |      22 |       3 |  12.0
        D:9 |     922 |     574 |  38.4 |      18 |       5 |  21.7
      Sewer |       0 |     155 | 100.0 |       0 |       6 | 100.0
            +---------+---------+-------+---------+---------+-------
